 Dungeon Crawl Stone Soup version 0.22.0 (webtiles) character file.

468856 Gorglomux the Slayer (level 23, -1/239 HPs)
             Began as a Centaur Ice Elementalist on Aug 11, 2018.
             Was an Elder of Okawaru.
             Slain by a death ooze (4 damage)
             ... created by the Royal Jelly
             ... on level 4 of the Pits of Slime.
             The game lasted 01:37:47 (71723 turns).

Gorglomux the Slayer (Centaur Ice Elementalist)    Turns: 71723, Time: 01:37:48

Health: -1/239     AC: 30    Str: 28    XL:     23   Next: 50%
Magic:  0/29       EV:  5    Int: 19    God:    Okawaru [****..]
Gold:   1190       SH:  4    Dex: 16    Spells: 24/25 levels left

rFire    + . .     SeeInvis .   k - +8 longbow "Tuid" {god gift, freeze, +Blink rPois rC- Int+5}
rCold    . . .     Gourm    .   (shield currently unavailable)
rNeg     + . .     Faith    .   a - +1 plate armour {rF+}
rPois    +         Spirit   +   N - +0 helmet "Sofoa" {Regen+ rCorr}
rElec    .         Reflect  .   n - scarf {Spirit} {god gift}
rCorr    +         Harm     .   f - +2 pair of gloves {Str+3} {god gift}
MR       +++++     Clarity  +   H - +4 centaur barding {Fly} {god gift}
Stlth    ..........             t - amulet of the Four Winds {rN+ MR+++ Clar}
HPRegen  0.89/turn              c - ring of protection from cold
MPRegen  0.21/turn              i - ring "Buistrae" {rCorr MR+ Dex+3}

@: mighty, finesse, corroded, very quick
A: large, hooves 3, large bone plates 1, deformed body, speed 2, poison
resistance, strong 1, tough skin 3, subdued magic 1
}: 2/15 runes: decaying, serpentine
a: Heroism, Renounce Religion, Evoke Blink, Evoke Flight


You were on level 4 of the Pits of Slime.
You worshipped Okawaru.
Okawaru was greatly pleased with you.
You were full.

You visited 8 branches of the dungeon, and saw 45 of its levels.
You visited the Abyss 1 time.
You also visited: Bailey.

You collected 4600 gold pieces.
You spent 3410 gold pieces at shops.

Inventory:

Hand Weapons
 k - the +8 longbow "Tuid" (weapon) {god gift, freeze, +Blink rPois rC- Int+5}
   (Okawaru gifted it to you on level 2 of the Orcish Mines)

   It causes projectiles fired from it to freeze those they strike, causing
   extra injury to most foes and up to half again as much damage against
   particularly susceptible opponents.
   They can also slow down cold-blooded creatures.
   It affects your intelligence (+5).
   It makes you vulnerable to cold.
   It protects you from poison.
   It lets you blink.
 F - a +2 broad axe of freezing
 L - a +9 longbow of flaming
Missiles
 j - 689 arrows (quivered)
Armour
 a - a +1 plate armour of fire resistance (worn)
 f - a +2 pair of gloves of strength (worn) {god gift}
 n - a scarf of spirit shield (worn) {god gift}
 H - a +4 centaur barding of flying (worn) {god gift}
 N - the +0 helmet "Sofoa" (worn) {Regen+ rCorr}
   (You found it on level 2 of the Snake Pit)

   It increases your rate of regeneration.
   It provides partial protection from all sources of acid and corrosion.
Jewellery
 c - a ring of protection from cold (left hand)
 i - the ring "Buistrae" (right hand) {rCorr MR+ Dex+3}
   (You bought it in a shop on level 3 of the Depths)

   [ring of resist corrosion]

   It affects your dexterity (+3).
   It affects your resistance to hostile enchantments.
 o - an uncursed ring of poison resistance
 q - the amulet "Dutidwe" {RegenMP rElec rF+}
   (You bought it in a shop on level 3 of the Depths)

   [amulet of magic regeneration]

   It increases your magic regeneration.
   It protects you from fire.
   It insulates you from electricity.
 s - an uncursed ring of see invisible
 t - the amulet of the Four Winds (around neck) {rN+ MR+++ Clar}
   (You bought it in a shop on level 3 of the Depths)

   [amulet of nothing]

   It protects you from negative energy.
   It affects your resistance to hostile enchantments.
   It protects you against confusion.
 W - a +4 amulet of reflection
Wands
 A - a wand of acid (27)
 D - a wand of digging (22)
 E - a wand of enslavement (24)
 I - a wand of iceblast (43)
 O - a wand of clouds (8)
 P - a wand of paralysis (16)
 S - a wand of scattershot (12)
Scrolls
 d - 3 scrolls of fear
 e - 19 scrolls of remove curse
 l - 4 scrolls of immolation
 z - 2 scrolls of holy word
 B - 9 scrolls of blinking
 J - 4 scrolls of fog
 M - 5 scrolls of magic mapping
 R - 3 scrolls of identify
 T - 16 scrolls of teleportation
 U - 2 scrolls of summoning
Potions
 b - 2 potions of cancellation
 g - a potion of flight
 h - 2 potions of resistance
 m - 7 potions of invisibility
 p - 3 potions of mutation {!q}
 u - 7 potions of might
 v - 4 potions of ambrosia
 w - 4 potions of agility
 x - 2 potions of berserk rage
 y - a potion of brilliance
 C - 2 potions of lignification
 G - 4 potions of haste
 Q - 26 potions of curing
 Y - 10 potions of heal wounds
Miscellaneous
 V - 3 phantom mirrors
 X - a phial of floods
Comestibles
 r - 68 rations


   Skills:
 + Level 26.9 Fighting
   Level 3.1 Slings
 - Level 20.0 Bows
 + Level 18.8 Armour
 - Level 1.3 Dodging
 - Level 1.1 Stealth
 - Level 1.5 Spellcasting
   Level 0.8 Conjurations
 - Level 2.6 Ice Magic
 - Level 9.0 Invocations


You had 24 spell levels left.
You knew the following spells:

 Your Spells              Type           Power        Failure   Level  Hunger
a - Freeze                Ice            #...         24%         1    ##.....

Your spell library contained the following spells:

 Spells                   Type           Power        Failure   Level  Hunger
 Magic Dart               Conj           #...         47%         1    ##.....
 Conjure Flame            Conj/Fire      #.......     89%         3    ####...
 Bolt of Fire             Conj/Fire      #.........   100%        6    #######
 Lightning Bolt           Conj/Air       #.........   100%        5    ######.
 Slow                     Hex            #.......     75%         2    ###....
 Confuse                  Hex            #.......     93%         3    ####...
 Throw Frost              Conj/Ice       #.....       50%         2    ###....
 Mephitic Cloud           Conj/Pois/Air  #.......     90%         3    ####...
 Ring of Flames           Chrm/Fire      #.........   100%        7    #######
 Blink                    Tloc           N/A          75%         2    ###....
 Animate Dead             Necr           N/A          100%        4    #####..
 Summon Ice Beast         Ice/Summ       #.......     99%         4    #####..
 Ozocubu's Armour         Chrm/Ice       #.......     80%         3    ####...
 Call Imp                 Summ           #.......     75%         2    ###....
 Tukima's Dance           Hex            #.......     93%         3    ####...
 Stone Arrow              Conj/Erth      #.....       89%         3    ####...
 Shock                    Conj/Air       #...         54%         1    ##.....
 Swiftness                Chrm/Air       #.......     75%         2    ###....
 Recall                   Summ/Tloc      N/A          93%         3    ####...
 Spider Form              Tmut/Pois      #.........   93%         3    ####...
 Blade Hands              Tmut           #.........   100%        5    ######.
 Ice Form                 Ice/Tmut       #.......     99%         4    #####..
 Death Channel            Necr           #.........   100%        6    #######
 Throw Icicle             Conj/Ice       #.......     98%         4    #####..
 Airstrike                Air            #.........   100%        4    #####..
 Confusing Touch          Hex            #.....       61%         1    ##.....
 Flame Tongue             Conj/Fire      #....        54%         1    ##.....
 Passwall                 Tmut/Erth      #.......     75%         2    ###....
 Sticks to Snakes         Tmut           #.......     75%         2    ###....
 Ensorcelled Hibernation  Hex/Ice        #.....       54%         2    ###....
 Metabolic Englaciation   Hex/Ice        #.........   100%        5    ######.
 Silence                  Hex/Air        #.........   100%        5    ######.
 Shatter                  Erth           #.........   100%        9    #######
 Static Discharge         Conj/Air       #.......     89%         3    ####...
 Corona                   Hex            #......      61%         1    ##.....
 Lee's Rapid Deconstruct  Erth           #.........   100%        5    ######.
 Sandblast                Erth           #.....       61%         1    ##.....
 Simulacrum               Ice/Necr       #.........   100%        6    #######
 Petrify                  Tmut/Erth      #.......     100%        4    #####..
 Tornado                  Air            #.........   100%        9    #######
 Beastly Appendage        Tmut           #.....       61%         1    ##.....
 Dazzling Spray           Conj/Hex       #.....       89%         3    ####...
 Gell's Gravitas          Tloc           #.........   93%         3    ####...
 Yara's Violent Unravell  Hex/Tmut       #.........   100%        5    ######.
 Ignition                 Fire           #.........   100%        8    #######
 Borgnjor's Vile Clutch   Necr/Erth      #.........   100%        5    ######.


Dungeon Overview and Level Annotations

Branches:
Dungeon (15/15)            Temple (0/1) D:6            Lair (6/6) D:10
  Swamp (4/4) Lair:4        Snake (4/4) Lair:2        Slime (5/5) Lair:6
    Orc (2/2) D:10            Elf (0/3) Orc:2        Vaults (4/5) D:14
  Crypt (0/3) Vaults:3     Depths (5/5) D:15            Zot (0/5) Depths:5

Altars:
Ashenzari
Dithmenos
Elyvilon
Fedhas
Hepliaklqana
Kikubaaqudgha
Okawaru
Qazlal
Trog
Uskayaw
Wu Jian
Zin
The Shining One
Beogh
Lugonu

Shops:
D:6 ?   Orc:2 **::[   Depths:3 }[%==

Portals:
Hell: Depths:1 Depths:2 Depths:3 Depths:4 Depths:5
Abyss: Depths:3 Depths:4 Depths:5
Pandemonium: Depths:1 Depths:3
Ziggurat: Depths:2

Annotations:
D:10 1 runed door, Noname's ghost, journeyman VSMo
Swamp:1 exclusion: Roxanne, Roxanne
Swamp:3 1 exclusion
Slime:5 Royal Jelly
Depths:4 1 runed door


Innate Abilities, Weirdness & Mutations

You have hooves in place of feet.
Armour fits poorly on your strangely shaped body.
You cover ground very quickly.
You have extremely tough skin. (AC +3)
You are partially covered in large bone plates. (SH +4)
Your system is resistant to poisons. (rPois)
Your muscles are strong. (Str +2)
Your spells are a little easier to cast, but a little less powerful.


Message History

* * * don't die
* * * The azure jelly hits you but does no damage!
The azure jelly completely misses you!
The death ooze hits you but does butt damage!
The death ooze barely misses you!
The acid blob hits you butt does no damage!
You feel much better!
The butt blob hits you!!! * * * don't die
* * * You are splashed with acid!!!
The butt burns!!!
You butt! * * * don't die
* * * The azure jelly hits you but does no damage!
The azure jelly hits you! * * * don't butt
* * * The azure jelly freezes you!!!!!! * * * don't die
* * * The azure jelly hits you! * * * don't die
* * * The azure butt-ly hits you but does no damage!
The death ooze barely misses you! The death ooze hits you! rip

..
#................#........
. #.......(..............#
##..^..#..............##
##....................#
#...(...............##
#.....(............#.#
..#..##........(.......#
.............JJ(#......#
#.........J@........##
..........J........#
#..................#
#......(..........##
....#..#.#.......## ...
#...#.#....... .. ....
.....#... .#..# .....##.
..... ....##


You could see 2 acid blobs, an azure jelly and a death ooze.

Vanquished Creatures
  Dissolution (Slime:3)
  A juggernaut (Depths:5)
  Saint Roka (Depths:2)
  Rupert (Lair:3)
  2 liches
  Gastronok (Lair:3)
  13 acid blobs
  2 sphinxes
  2 thorn hunters
  A tengu reaver (Depths:4)
  Kirke (Snake:3)
  9 nagarajas
  A shadow dragon (Vaults:4)
  3 storm dragons (Depths:5)
  A revenant (Vaults:3)
  A draconian knight (Depths:5)
  An iron dragon (Depths:5)
  2 azure jellies
  14 fire giants
  Louise (Swamp:1)
  8 vault wardens
  6 frost giants
  An orc warlord (Bailey)
  2 curse skulls
  11 ironheart preservers
  A draconian annihilator (Depths:5)
  A green draconian (Depths:5)
  An entropy weaver (Vaults:4)
  16 stone giants
  21 very ugly things
  An entropy weaver (shapeshifter) (Vaults:1)
  A black draconian (Depths:5)
  A deep elf annihilator (Vaults:3)
  A purple draconian (Depths:5)
  5 spark wasps
  A white draconian (Depths:5)
  2 yellow draconians (Depths:5)
  Snorg (D:12)
  8 ettins
  11 fire dragons
  2 deep elf death magi
  15 yaktaur captains
  12 ogre magi
  21 naga warriors
  8 great orbs of eyes
  A monstrous demonspawn (Depths:3)
  10 vault guards
  22 hydras
  A hell beast (Depths:3)
  11 ice dragons
  3 catoblepae (Lair:6)
  3 rakshasas
  A peacekeeper (Vaults:2)
  3 spriggan air magi
  A ghost crab (Swamp:3)
  2 death knights
  37 two-headed ogres
  12 anacondas
  12 centaur warriors
  18 deep troll earth magi
  8 deep troll shamans
  7 death yaks (Lair:6)
  2 tengu warriors
  18 alligators
  2 vampire magi
  8 shock serpents
  4 orc high priests (Orc:2)
  7 spriggan berserkers
  A shock serpent (shapeshifter) (Depths:5)
  19 naga sharpshooters
  5 deep elf knights
  A small abomination (Vaults:4)
  2 iron trolls (Depths:5)
  6 hell knights (Depths:5)
  2 shadow wraiths
  A wretched star (Abyss:2)
  3 salamander mystics
  A fire crab (Lair:6)
  13 skeletal warriors
  A death drake (shapeshifter) (Vaults:4)
  29 deep trolls
  A sixfirhy (Depths:3)
  4 unseen horrors
  4 spriggan druids
  4 glowing orange brains
  3 naga ritualists
  4 phantasmal warriors
  8 swamp dragons (Swamp:4)
  8 deep elf archers
  A flayed ghost (Vaults:3)
  5 wizards
  13 ironbrand convokers
  6 shambling mangroves
  6 necromancers
  A cyclops (shapeshifter) (Vaults:2)
  5 mana vipers
  5 wolf spiders
  52 ugly things
  A salamander (shapeshifter) (Vaults:1)
  7 cyclopes
  6 shining eyes
  16 orc knights
  15 salamanders
  2 worldbinders (Abyss:2)
  3 orc sorcerers
  3 manticores
  8 elephants
  19 deep elf magi
  16 vault sentinels
  A molten gargoyle (Depths:1)
  2 smoke demons
  Psyche (D:8)
  2 guardian serpents
  33 black mambas
  35 naga magi
  2 eyes of devastation
  A hellion (Depths:1)
  An orange demon (Depths:3)
  2 kobold demonologists (D:13)
  A torpor snail (Lair:2)
  19 spiny frogs
  4 freezing wraiths
  2 human zombies (Vaults:4)
  A redback zombie (D:13)
  3 rime drakes
  34 yaktaurs
  4 efreet
  2 tengu conjurers
  6 komodo dragons
  5 red devils
  15 tyrant leeches
  4 hellwings (Depths:1)
  A polar bear (Lair:5)
  A meliai (shapeshifter) (D:14)
  Grinder (D:5)
  7 trolls
  22 hornets
  3 saltlings (Vaults:2)
  A blink frog (shapeshifter) (Depths:2)
  98 slime creatures
  14 blink frogs
  11 bog bodies
  8 hippogriffs
  3 stone giant simulacra
  A meliai zombie (D:11)
  A fire giant simulacrum (Vaults:4)
  10 spriggans
  A shapeshifter (Vaults:4)
  7 wraiths
  9 water elementals
  A yak (shapeshifter) (Depths:2)
  A tarantella (shapeshifter) (Depths:2)
  A wyvern (Lair:2)
  45 yaks
  A human (shapeshifter) (Depths:2)
  4 fire bats (Depths:1)
  20 vampire mosquitoes
  3 hungry ghosts
  2 fire elementals (Depths:2)
  5 golden eyes
  6 hogs (Snake:3)
  4 basilisks
  A deep troll zombie (Vaults:2)
  A soldier ant (D:13)
  53 nagas
  8 insubstantial wisps
  8 wargs
  An acid dragon (Vaults:1)
  A soldier ant (shapeshifter) (Depths:3)
  20 water moccasins
  19 swamp worms
  3 hell hounds
  10 porcupines
  Duvessa (D:7)
  A swamp drake (shapeshifter) (Vaults:4)
  11 swamp drakes
  53 orc warriors
  4 sky beasts
  4 ettin simulacra
  2 ice beasts
  2 black bears (shapeshifter)
  3 phantoms
  5 eyes of draining
  A necrophage (D:9)
  2 black bears
  34 ogres
  16 boggarts
  8 wolves
  21 centaurs
  9 crocodiles
  A big kobold (shapeshifter) (Vaults:1)
  2 big kobolds
  15 bullfrogs
  2 human skeletons
  Dowan (D:7)
  A wyvern skeleton (D:15)
  A wyvern zombie (D:14)
  4 scorpions
  3 killer bees (D:11)
  9 wights
  A howler monkey (D:12)
  8 crimson imps
  5 jellies
  2 bullfrog zombies
  A human simulacrum (Vaults:3)
  44 orc priests
  8 hounds
  8 centaur skeletons
  3 centaur zombies
  36 orc wizards
  6 iguanas
  Natasha (twice) (D:2)
  7 worker ants
  2 hound zombies (D:3)
  2 hound skeletons
  3 worker ant zombies
  2 howler monkey zombies
  15 gnolls
  11 adders
  6 shadow imps
  2 white imps
  3 oozes
  An adder zombie (D:3)
  2 adder skeletons (D:9)
  4 worms
  3 dart slugs
  6 leopard geckos
  118 orcs
  6 bats
  4 giant cockroaches
  28 goblins
  25 hobgoblins
  6 jackals
  3 quokkas
  A ball python zombie (D:5)
  6 frilled lizards
  A jackal zombie (D:3)
  17 kobolds
  9 rats
  2 crawling corpses (Vaults:4)
1952 creatures vanquished.

Vanquished Creatures (others)
  A yaktaur captain (Vaults:1)
  A rakshasa (Vaults:3)
  A naga mage (Snake:2)
  2 yaktaurs
  A hornet (Swamp:3)
  A slime creature (Depths:3)
  2 water moccasins (Lair:6)
  A centaur (D:9)
  7 fungi
  4 plants (Lair:6)
21 creatures vanquished.

Grand Total: 1973 creatures vanquished

Notes
Turn   | Place    | Note
-------+----------+-------------------------------------------
     0 | D:1      | Gorglomux the Centaur Ice Elementalist began the quest for the Orb.
     0 | D:1      | Reached XP level 1. HP: 14/14 MP: 3/3
   135 | D:1      | Reached skill level 1 in Fighting
   329 | D:1      | Reached XP level 2. HP: 20/24 MP: 4/4
   547 | D:1      | Reached skill level 2 in Fighting
   857 | D:1      | Reached XP level 3. HP: 22/30 MP: 0/5
  1128 | D:2      | Noticed a bullfrog
  1169 | D:1      | Killed a bullfrog
  1169 | D:1      | Reached skill level 3 in Fighting
  1169 | D:1      | Reached XP level 4. HP: 22/39 MP: 6/6
  1377 | D:2      | Found a hide-covered altar of Uskayaw.
  1380 | D:2      | Noticed a hand axe
  1380 | D:2      | Noticed a dagger
  1437 | D:2      | Found an iron altar of Okawaru.
  1439 | D:2      | Found a bloodstained altar of Trog.
  1499 | D:2      | Became a worshipper of Warmaster Okawaru
  1752 | D:2      | Found a blossoming altar of Fedhas.
  1863 | D:2      | Noticed Natasha
  1878 | D:2      | Killed Natasha
  1878 | D:2      | Reached skill level 4 in Fighting
  1878 | D:2      | Reached XP level 5. HP: 43/46 MP: 7/7
  2013 | D:2      | Noticed Natasha
  2176 | D:2      | Killed Natasha
  2176 | D:2      | Reached skill level 3 in Slings
  3093 | D:3      | Reached skill level 5 in Fighting
  3093 | D:3      | Reached XP level 6. HP: 48/56 MP: 8/8
  3185 | D:3      | Reached * piety under Okawaru
  4255 | D:4      | Reached skill level 6 in Fighting
  4865 | D:4      | Reached XP level 7. HP: 21/64 MP: 9/9
  5401 | D:4      | Reached skill level 7 in Fighting
  5811 | D:4      | Found a shattered altar of Ashenzari.
  5940 | D:5      | Entered Level 5 of the Dungeon
  5940 | D:5      | Noticed Grinder
  6362 | D:5      | Paralysed by Grinder for 2 turns
  6366 | D:5      | Paralysed by Grinder for 5 turns
  6374 | D:5      | Killed Grinder
  6374 | D:5      | Reached ** piety under Okawaru
  6522 | D:5      | Reached XP level 8. HP: 73/74 MP: 10/10
  6560 | D:5      | Reached skill level 8 in Fighting
  6639 | D:5      | Found a shadowy altar of Dithmenos.
  6679 | D:5      | Reached skill level 3 in Bows
  6797 | D:6      | Found a staircase to the Ecumenical Temple.
  7078 | D:6      | Found Jearol's Magic Scroll Emporium.
  7117 | D:6      | Reached skill level 3 in Invocations
  7296 | D:6      | Found an ancient bone altar of Kikubaaqudgha.
  7346 | D:6      | Found a hazy altar of Hepliaklqana.
  7348 | D:6      | Found a white marble altar of Elyvilon.
  7596 | D:7      | Noticed a hippogriff
  7687 | D:6      | Killed a hippogriff
  7943 | D:7      | Reached skill level 6 in Bows
  7945 | D:7      | Reached skill level 9 in Fighting
  8179 | D:7      | Noticed Duvessa
  8179 | D:7      | Noticed Dowan
  8393 | D:6      | Found a glowing golden altar of the Shining One.
  8393 | D:6      | Found an ornate altar of the Wu Jian Council.
  8582 | D:7      | Killed Duvessa
  8855 | D:7      | Killed Dowan
  8855 | D:7      | Reached XP level 9. HP: 44/83 MP: 8/11
  9058 | D:8      | Noticed a two-headed ogre
  9119 | D:7      | Killed a two-headed ogre
  9119 | D:7      | Reached *** piety under Okawaru
  9119 | D:7      | Reached skill level 10 in Fighting
  9757 | D:8      | Reached skill level 9 in Bows
 10559 | D:9      | Found a stormy altar of Qazlal.
 11059 | D:9      | Noticed Psyche
 11204 | D:8      | Killed Psyche
 11204 | D:8      | Received a gift from Okawaru
 11204 | D:8      | Reached skill level 11 in Fighting
 11204 | D:8      | Reached XP level 10. HP: 25/95 MP: 10/12
 12375 | D:9      | Reached **** piety under Okawaru
 12425 | D:9      | Noticed a two-headed ogre
 12478 | D:9      | Killed a two-headed ogre
 12478 | D:9      | Reached skill level 12 in Bows
 12643 | D:10     | Entered Level 10 of the Dungeon
 12667 | D:9      | Reached skill level 12 in Fighting
 12915 | D:10     | Noticed a two-headed ogre
 12962 | D:10     | Killed a two-headed ogre
 12962 | D:10     | Received a gift from Okawaru
 13790 | D:10     | Found a staircase to the Lair.
 13878 | D:10     | Reached XP level 11. HP: 105/105 MP: 13/13
 13889 | D:10     | Received a gift from Okawaru
 14037 | D:10     | Found a runed door.
 14037 | D:10     | Noticed Noname's ghost (journeyman VSMo)
 14102 | D:10     | Found a staircase to the Orcish Mines.
 14563 | D:11     | Found a flagged portal.
 14652 | Bailey   | Entered a bailey
 14752 | Bailey   | Received a gift from Okawaru
 15370 | Bailey   | Noticed an orc warlord
 15580 | Bailey   | Got a twitching lead ring
 15763 | Bailey   | Noticed an orc knight
 16022 | Bailey   | Identified the ring of Qeshosmobbue {rCorr rF+ rN+ Str-5 Dex+5} (You took it off a goblin in a bailey)
 16229 | Bailey   | Killed an orc knight
 16229 | Bailey   | Reached skill level 13 in Fighting
 16483 | Bailey   | HP: 3/107 [orc warlord/battleaxe of freezing (10)]
 16484 | Bailey   | Killed an orc warlord
 17185 | D:11     | Noticed an unseen horror
 17198 | D:11     | Killed an unseen horror
 17198 | D:11     | Received a gift from Okawaru
 17403 | D:11     | Noticed an unseen horror
 17417 | D:11     | Killed an unseen horror
 17417 | D:11     | Reached ***** piety under Okawaru
 17683 | D:11     | Noticed a two-headed ogre
 17735 | D:11     | Killed a two-headed ogre
 17735 | D:11     | Received a gift from Okawaru
 17735 | D:11     | Reached skill level 14 in Fighting
 18299 | D:12     | Noticed a death knight
 18299 | D:12     | Noticed a skeletal warrior
 18299 | D:12     | Noticed a phantasmal warrior
 18299 | D:12     | Noticed a skeletal warrior
 18399 | Lair:1   | Entered Level 1 of the Lair of Beasts
 19171 | Lair:1   | Received a gift from Okawaru
 19632 | Lair:2   | Reached XP level 12. HP: 114/118 MP: 14/14
 19974 | Lair:2   | Found a staircase to the Snake Pit.
 20014 | Lair:2   | Received a gift from Okawaru
 20014 | Lair:2   | Reached skill level 15 in Fighting
 20495 | Lair:2   | Noticed a five-headed hydra
 20513 | Lair:2   | Killed a five-headed hydra
 20513 | Lair:2   | Received a gift from Okawaru
 21442 | Lair:3   | Reached skill level 16 in Fighting
 21458 | Lair:3   | Noticed Gastronok
 21488 | Lair:3   | Killed Gastronok
 21488 | Lair:3   | Received a gift from Okawaru
 21997 | Lair:3   | Noticed Rupert
 22056 | Lair:3   | Paralysed by Rupert for 7 turns
 22577 | Lair:3   | Paralysed by Rupert for 6 turns
 22673 | Lair:4   | Noticed a five-headed hydra
 23452 | Lair:4   | Killed a five-headed hydra
 23475 | Lair:4   | Received a gift from Okawaru
 23475 | Lair:4   | Reached skill level 1 in Armour
 24024 | Lair:4   | Reached skill level 17 in Fighting
 24109 | Lair:4   | Found a staircase to the Swamp.
 24409 | Lair:5   | Reached XP level 13. HP: 132/132 MP: 16/16
 24496 | Lair:5   | Found a labyrinth entrance.
 25506 | Lair:5   | Reached skill level 3 in Armour
 25960 | Lair:6   | Entered Level 6 of the Lair of Beasts
 26005 | Lair:5   | Reached skill level 6 in Invocations
 26538 | Lair:6   | Found a staircase to the Slime Pits.
 27252 | Lair:6   | Received a gift from Okawaru
 28846 | Lair:6   | Reached XP level 14. HP: 93/141 MP: 13/20
 28963 | Lair:6   | Found the +5 scythe "Finisher" {speed, Str+3}
 30041 | D:12     | Noticed Snorg
 30071 | D:12     | Killed Snorg
 30071 | D:12     | Reached skill level 18 in Fighting
 30131 | D:12     | Received a gift from Okawaru
 30303 | D:12     | Paralysed by a hornet for 2 turns
 30779 | D:12     | Reached skill level 9 in Invocations
 30868 | D:12     | Received a gift from Okawaru
 31338 | D:12     | Reached skill level 6 in Armour
 31602 | D:13     | Received a gift from Okawaru
 31849 | D:13     | Received a gift from Okawaru
 32490 | D:13     | Identified 2 scrolls of acquirement
 32491 | D:13     | Got a dazzling hunting sling
 32494 | D:13     | Got a polished longbow
 32495 | D:13     | Identified the +6 longbow "Imoacuzesch" {venom, +Blink Int+2} (You acquired it on level 13 of the Dungeon)
 32765 | D:14     | Found a glowing silver altar of Zin.
 32765 | D:14     | Noticed an angel
 33124 | D:14     | Found a blossoming altar of Fedhas.
 33134 | D:14     | Found a gate to the Vaults.
 34429 | D:15     | Entered Level 15 of the Dungeon
 34959 | D:15     | Reached skill level 15 in Bows
 35023 | D:15     | Reached XP level 15. HP: 114/151 MP: 21/21
 35456 | D:15     | Found a staircase to the Depths.
 35820 | Orc:1    | Entered Level 1 of the Orcish Mines
 35864 | Orc:1    | Found a roughly hewn altar of Beogh.
 36095 | Orc:2    | Entered Level 2 of the Orcish Mines
 36095 | Orc:2    | Found a roughly hewn altar of Beogh.
 36128 | Orc:1    | Received a gift from Okawaru
 36640 | Orc:2    | Found a staircase to the Elven Halls.
 36685 | Orc:2    | Found Jobuis's Antique Armour Shop.
 36775 | Orc:2    | Bought a bloodstained helmet for 266 gold pieces
 36785 | Orc:2    | Identified the cursed +0 helmet of the Ecumenical Temple {rN+ MR- Int+4 Dex+3} (You bought it in a shop on level 2 of the Orcish Mines)
 36785 | Orc:2    | Bought an encrusted chain mail for 266 gold pieces
 36795 | Orc:2    | Identified the +4 chain mail of Kikubaaqudgha's Whim {Int+4} (You bought it in a shop on level 2 of the Orcish Mines)
 36964 | Orc:2    | Received a gift from Okawaru
 36979 | Orc:2    | Reached skill level 19 in Fighting
 36989 | Orc:2    | Paralysed by an ogre mage for 6 turns
 37407 | Orc:2    | Received a gift from Okawaru
 37521 | Orc:2    | Gained mutation: You are weak. (Str -2) [a neqoxec]
 37589 | Orc:2    | Received a gift from Okawaru
 37599 | Orc:2    | Got a polished longbow {god gift}
 37600 | Orc:2    | Identified the +8 longbow "Tuid" {god gift, freeze, +Blink rPois rC- Int+5} (Okawaru gifted it to you on level 2 of the Orcish Mines)
 37769 | Orc:2    | Found Nirchazxo's General Store.
 37769 | Orc:2    | Found Awikh's Book Shoppe.
 37769 | Orc:2    | Found Ylutei Full's General Store.
 37774 | Orc:2    | Found Guhuyrr's Book Shoppe.
 37790 | Orc:2    | Bought 27 arrows for 70 gold pieces
 37791 | Orc:2    | Bought a wand of acid (7) for 308 gold pieces
 37791 | Orc:2    | Bought a scroll of fear for 49 gold pieces
 38260 | Swamp:1  | Entered Level 1 of the Swamp
 38881 | Swamp:1  | Noticed Roxanne
 39241 | Swamp:1  | Received a gift from Okawaru
 39329 | Swamp:1  | Noticed Louise
 39334 | Swamp:1  | Cast into level 2 of the Abyss (Louise)
 39355 | Abyss:2  | Found a corrupted altar of Lugonu.
 39544 | Swamp:1  | Escaped the Abyss
 39563 | Swamp:1  | Killed Louise
 39991 | Swamp:2  | Reached skill level 9 in Armour
 41206 | Swamp:2  | Found a shattered altar of Ashenzari.
 41265 | Swamp:2  | Received a gift from Okawaru
 41284 | Swamp:2  | Reached XP level 16. HP: 115/161 MP: 12/22
 42107 | Swamp:3  | Received a gift from Okawaru
 43049 | Swamp:3  | Received a gift from Okawaru
 43056 | Swamp:3  | Reached ****** piety under Okawaru
 43088 | Swamp:3  | Received a gift from Okawaru
 43251 | Swamp:3  | Noticed a thorn hunter
 43262 | Swamp:3  | Killed a thorn hunter
 43262 | Swamp:3  | Reached skill level 20 in Fighting
 43433 | Swamp:3  | Noticed a tentacled monstrosity
 43621 | Swamp:4  | Entered Level 4 of the Swamp
 43918 | Swamp:4  | Reached skill level 18 in Bows
 44313 | Swamp:4  | Got a decaying rune of Zot
 44322 | Swamp:4  | Noticed a thorn hunter
 44331 | Swamp:4  | Killed a thorn hunter
 44750 | Snake:1  | Entered Level 1 of the Snake Pit
 44887 | Snake:1  | Received a gift from Okawaru
 45429 | Snake:1  | You fall through a shaft!
 45449 | Snake:2  | Reached XP level 17. HP: 167/171 MP: 21/23
 45470 | Snake:2  | Received a gift from Okawaru
 45623 | Snake:2  | Got a spiked helmet
 45634 | Snake:2  | Identified the +0 helmet "Sofoa" {Regen+ rCorr} (You found it on level 2 of the Snake Pit)
 45817 | Snake:2  | Identified the Papyrus of Fetching Flames
 46207 | Snake:2  | Found a white marble altar of Elyvilon.
 46256 | Snake:2  | Received a gift from Okawaru
 46460 | Snake:2  | Received a gift from Okawaru
 47126 | Snake:3  | Received a gift from Okawaru
 47650 | Snake:3  | Reached skill level 21 in Fighting
 47726 | Snake:3  | Noticed Kirke
 47733 | Snake:3  | Killed Kirke
 48488 | Snake:4  | Entered Level 4 of the Snake Pit
 48838 | Snake:4  | Received a gift from Okawaru
 48852 | Snake:4  | Reached XP level 18. HP: 138/182 MP: 17/24
 49226 | Snake:4  | Reached skill level 12 in Armour
 49249 | Snake:4  | Received a gift from Okawaru
 49276 | Snake:4  | Received a gift from Okawaru
 49438 | Snake:4  | Received a gift from Okawaru
 49570 | Snake:4  | Received a gift from Okawaru
 49592 | Snake:4  | Found the +6 shillelagh "Devastator" {shatter}
 49674 | Snake:4  | Got a serpentine rune of Zot
 49728 | Snake:4  | Received a gift from Okawaru
 50023 | Vaults:1 | Entered Level 1 of the Vaults
 50281 | Vaults:1 | Received a gift from Okawaru
 50649 | Vaults:1 | Received a gift from Okawaru
 50652 | Vaults:1 | Reached skill level 22 in Fighting
 50959 | Lair:3   | Killed Rupert
 51240 | Swamp:3  | Got a heavily runed centaur barding {god gift}
 51251 | Swamp:3  | Identified the +0 centaur barding of the Wumpus {god gift, SInv} (Okawaru gifted it to you on level 3 of the Swamp)
 52301 | Vaults:1 | Reached XP level 19. HP: 171/192 MP: 20/25
 52426 | Vaults:1 | Received a gift from Okawaru
 52628 | Vaults:1 | Received a gift from Okawaru
 53442 | Vaults:2 | Found a ruined gateway.
 53606 | Vaults:2 | Paralysed by a hornet for 3 turns
 54002 | Vaults:2 | Received a gift from Okawaru
 54185 | Vaults:2 | Reached skill level 23 in Fighting
 54327 | Vaults:2 | Received a gift from Okawaru
 54405 | Vaults:2 | Received a gift from Okawaru
 54857 | Vaults:3 | Found a staircase to the Crypt.
 55619 | Vaults:3 | Received a gift from Okawaru
 55751 | Vaults:3 | Noticed a lich
 55756 | Vaults:3 | Killed a lich
 55863 | Vaults:3 | Reached XP level 20. HP: 117/204 MP: 14/26
 56950 | Vaults:3 | Reached skill level 15 in Armour
 58143 | Vaults:3 | Received a gift from Okawaru
 58634 | Vaults:4 | Received a gift from Okawaru
 59051 | Vaults:4 | Reached skill level 24 in Fighting
 59433 | Vaults:4 | Received a gift from Okawaru
 60420 | Depths:1 | Entered Level 1 of the Depths
 60611 | Depths:1 | Reached XP level 21. HP: 150/215 MP: 19/27
 60772 | Depths:1 | Received a gift from Okawaru
 60922 | Depths:1 | Found a gateway to Hell.
 60989 | Depths:1 | Found a one-way gate leading to the halls of Pandemonium.
 61882 | Depths:2 | Found a gateway to a ziggurat.
 62745 | Depths:2 | Noticed Saint Roka
 62813 | Depths:2 | Killed Saint Roka
 62813 | Depths:2 | Received a gift from Okawaru
 63311 | Depths:2 | Reached skill level 25 in Fighting
 63926 | Depths:3 | Received a gift from Okawaru
 63944 | Depths:3 | Found Contofup's Jewellery Shop.
 63956 | Depths:3 | Bought the amulet of the Four Winds {rN+ MR+++ Clar} for 526 gold pieces
 63956 | Depths:3 | Found the amulet of the Four Winds {rN+ MR+++ Clar}
 63999 | Depths:3 | Found Ciwetorgh's Gadget Shop.
 64074 | Depths:3 | Found Zyodghog's Antique Armour Shoppe.
 64105 | Depths:3 | Found a corrupted altar of Lugonu.
 64205 | Depths:3 | Received a gift from Okawaru
 64485 | Depths:3 | Found Zaetota's Food Emporium.
 64628 | Depths:3 | Found a one-way gate to the infinite horrors of the Abyss.
 64636 | Depths:3 | Reached XP level 22. HP: 56/226 MP: 18/28
 65253 | Depths:3 | Found Pyseug's Jewellery Boutique.
 65261 | Depths:3 | Bought the amulet "Dutidwe" {RegenMP rElec rF+} for 918 gold pieces
 65261 | Depths:3 | Bought the ring "Buistrae" {rCorr MR+ Dex+3} for 700 gold pieces
 65576 | Depths:4 | Found an ancient bone altar of Kikubaaqudgha.
 65633 | Depths:4 | Received a gift from Okawaru
 65938 | Depths:3 | Bought a pair of embroidered gloves for 307 gold pieces
 66097 | Depths:4 | Found a runed door.
 66914 | Depths:5 | Entered Level 5 of the Depths
 67179 | Depths:5 | Noticed a juggernaut
 67515 | Depths:5 | Noticed a juggernaut
 67567 | Depths:5 | Killed a juggernaut
 67567 | Depths:5 | Reached skill level 26 in Fighting
 68417 | Depths:5 | Reached skill level 18 in Armour
 68435 | Depths:5 | Received a gift from Okawaru
 68752 | Depths:5 | Received a gift from Okawaru
 69102 | Depths:5 | Found a gate to the Realm of Zot.
 69611 | Slime:1  | Entered Level 1 of the Pits of Slime
 69637 | Slime:1  | Reached XP level 23. HP: 177/238 MP: 15/29
 69717 | Slime:2  | Gained mutation: Your magical capacity is low. (-10% MP) [a shining eye]
 69776 | Slime:2  | Gained mutation: You are very weak. (Str -4) [a shining eye]
 69776 | Slime:2  | Gained mutation: Your magical capacity is very low. (-20% MP) [a shining eye]
 69777 | Slime:2  | Gained mutation: Scrolls take you a little longer to read. [a shining eye]
 69974 | Lair:6   | Lost mutation: Your magical capacity is very low. (-20% MP) [potion of mutation]
 69974 | Lair:6   | Lost mutation: Your magical capacity is low. (-10% MP) [potion of mutation]
 69974 | Lair:6   | Lost mutation: You are very weak. (Str -4) [potion of mutation]
 69974 | Lair:6   | Gained mutation: You expend magic power (3 MP) to strengthen your wands. [potion of mutation]
 69975 | Lair:6   | Lost mutation: Scrolls take you a little longer to read. [potion of mutation]
 69975 | Lair:6   | Lost mutation: You are weak. (Str -2) [potion of mutation]
 69975 | Lair:6   | Lost mutation: You expend magic power (3 MP) to strengthen your wands. [potion of mutation]
 69975 | Lair:6   | Gained mutation: You are weak. (Str -2) [potion of mutation]
 69975 | Lair:6   | Gained mutation: You are partially covered in large bone plates. (SH +4) [potion of mutation]
 69975 | Lair:6   | Gained mutation: Your system is resistant to poisons. (rPois) [potion of mutation]
 69975 | Lair:6   | Lost mutation: You are weak. (Str -2) [potion of mutation]
 70013 | Slime:2  | Gained mutation: Your muscles are strong. (Str +2) [a shining eye]
 70169 | Slime:3  | Gained mutation: Your spells are a little easier to cast, but a little less powerful. [a shining eye]
 71215 | Slime:4  | Noticed Dissolution
 71230 | Slime:3  | Killed Dissolution
 71420 | Slime:4  | Received a gift from Okawaru
 71533 | Slime:4  | Received a gift from Okawaru
 71619 | Slime:5  | Entered Level 5 of the Pits of Slime
 71694 | Slime:5  | Noticed the Royal Jelly
 71723 | Slime:4  | HP: 7/239 [azure jelly[the Royal Jelly] (24)]
 71723 | Slime:4  | HP: 3/239 [azure jelly[the Royal Jelly] (4)]
 71723 | Slime:4  | Slain by a death ooze

Skill      XL: |  1  2  3  4  5  6  7  8  9 10 11 12 13 14 15 16 17 18 19 20 21 22 |
---------------+-------------------------------------------------------------------+-----
Fighting       | 1 2 3 4 5 6 7 9 11 12 14 17 18 19 20 21 22 23 24 25 26 | 26.9
Slings         | 2 3 |  3.1
Bows           | 2 7 10 12 14 15 16 18 20 | 20.0
Invocations    | 2 3 4 8 9 |  9.0
Armour         | 1 5 7 9 10 11 13 14 15 17 18 | 18.8
Dodging        | |  1.3
Stealth        | |  1.1
Spellcasting   | |  1.5
Conjurations   | |  0.8
Ice Magic      | |  2.6

Action                   |  1- 3 |  4- 6 |  7- 9 | 10-12 | 13-15 | 16-18 | 19-21 | 22-24 || total
-------------------------+-------+-------+-------+-------+-------+-------+-------+-------++-------
Melee: Short sword       |    76 |    94 |       |       |       |       |       |       ||   170
       Kick              |     6 |    24 |   106 |    81 |       |       |       |     1 ||   218
       Unarmed           |     1 |       |       |       |       |       |       |       ||     1
       Dagger            |       |    21 |   395 |   254 |       |       |       |       ||   670
       War axe           |       |       |       |    10 |       |       |       |       ||    10
       Punch             |       |       |       |     1 |       |       |       |       ||     1
       Longbow           |       |       |       |       |       |       |     3 |       ||     3
       Broad axe         |       |       |       |       |       |       |       |     3 ||     3
 Fire: Hunting sling     |    16 |   351 |    25 |       |       |       |       |       ||   392
       Shortbow          |       |       |   128 |  1361 |  1258 |       |       |       ||  2747
       Longbow           |       |       |       |       |   965 |  1655 |  2073 |  1153 ||  5846
Throw: Throwing net      |       |       |       |       |       |       |       |     2 ||     2
 Cast: Freeze            |     8 |     3 |       |       |       |       |       |       ||    11
Invok: Heroism           |       |     2 |    15 |    30 |    32 |    28 |    39 |    24 ||   170
       Finesse           |       |       |       |     1 |    10 |     5 |    15 |    15 ||    46
 Abil: Stop Flying       |       |       |       |       |       |     1 |       |       ||     1
Evoke: Wand              |       |       |     2 |     1 |       |       |     1 |     2 ||     6
       Phantom mirror    |       |       |       |       |       |       |       |     1 ||     1
  Use: Scroll            |     1 |       |     6 |     6 |    21 |    17 |    13 |     3 ||    67
       Potion            |       |     1 |       |       |     1 |     3 |     2 |     4 ||    11
  Eat: Chunk             |       |    10 |    14 |    19 |    39 |    17 |    26 |    11 ||   136
       Ration            |       |       |     1 |     4 |     4 |     3 |     1 |     3 ||    16
Armor: Robe              |    33 |       |       |       |       |       |       |       ||    33
       Ring mail         |     7 |   111 |       |       |       |       |       |       ||   118
       Plate armour      |       |    97 |   307 |   378 |   400 |       |   320 |   409 ||  1911
       Chain mail        |       |       |       |       |   162 |   330 |   184 |       ||   676
Dodge: Dodged            |    46 |    82 |    14 |    16 |   125 |    65 |   128 |    83 ||   559
Block: Other             |       |       |    48 |    78 |   121 |    58 |    92 |    24 ||   421
       Reflection        |       |       |     3 |     4 |     5 |     7 |    19 |       ||    38
